 Dungeon Crawl Stone Soup version 0.18.1-50-g88ac8fd (webtiles) character file.

9086 Krapule the Covert (level 11, -4/78 HPs)
             Began as an Octopode Monk on Sept 21, 2016.
             Was a High Priest of Cheibriados.
             Slain by a yak (12 damage)
             ... on level 1 of the Lair of Beasts.
             The game lasted 01:08:37 (12618 turns).

Krapule the Covert (Octopode Monk)                 Turns: 12618, Time: 01:08:38

Health: -4/78      AC:  1    Str: 28    XL:     11   Next: 41%
Magic:  15/15      EV: 25    Int: 26    God:    Cheibriados [*****.]
Gold:   604        SH:  0    Dex: 38    Spells: 0 memorised, 16 levels left

rFire  . . .     SeeInvis .       - Unarmed
rCold  . . .     Gourm    .     (no shield)
rNeg   . . .     Faith    .     (helmet restricted)
rPois  .         Spirit   .     f - amulet of magic regeneration
rElec  .         Dismiss  .     g - +6 ring of dexterity
rCorr  .         Reflect  .     J - +3 ring of strength
SustAt .         Harm     .     (no ring)
MR     .....                    (no ring)
Stlth  ++++++++..               (no ring)
                                (no ring)
                                (no ring)
                                (no ring)

@: very slow, not resistant to hostile enchantments, extraordinarily stealthy
A: almost no armour, amphibious, 8 rings, constrict 8, camouflage 1, gelatinous
body 1
a: Bend Time, Temporal Distortion, Slouch, Step From Time, Renounce Religion


You were on level 1 of the Lair of Beasts.
You worshipped Cheibriados.
Cheibriados was extremely pleased with you.
You were not hungry.

You visited 3 branches of the dungeon, and saw 12 of its levels.

You collected 604 gold pieces.

Inventory:

Hand Weapons
 y - a +1 quarterstaff of holy wrath
Missiles
 F - 8 javelins (quivered)
Jewellery
 f - an amulet of magic regeneration (around mantle)
 g - a +6 ring of dexterity (left tentacle)
 J - a +3 ring of strength (right tentacle)
Wands
 o - a wand of acid (0/15)
 u - a wand of paralysis (12/24)
Scrolls
 b - 5 scrolls of teleportation
 c - 2 scrolls of amnesia
 d - a scroll of immolation
 e - 4 scrolls of enchant armour
 k - 2 scrolls of fog
 r - 5 scrolls of remove curse
 w - a scroll of recharging {unknown}
 z - a scroll of blinking {unknown}
 A - 4 scrolls of enchant weapon {unknown}
 D - 3 scrolls of magic mapping {unknown}
 I - a scroll of holy word {unknown}
 K - a scroll of acquirement {unknown}
Potions
 h - a potion of flight
 i - a potion of lignification
 l - 2 potions of brilliance
 m - a potion of invisibility {unknown}
 n - a potion of haste {unknown}
 p - 3 potions of magic
 q - 4 potions of curing
 t - 2 potions of agility
 v - a potion of heal wounds {unknown}
 H - a potion of ambrosia {unknown}
 M - a potion of mutation {unknown}
Books
 C - a book of the Dragon

   Spells                             Type                      Level
   a - Flame Tongue                   Conjuration/Fire             1
   b - Cause Fear                     Hexes                        4
   c - Bolt of Fire                   Conjuration/Fire             6
   d - Dragon Form                    Transmutation                7
   e - Dragon's Call                  Summoning                    9
 E - a book of Burglary

   Spells                             Type                      Level
   a - Swiftness                      Charms/Air                   2
   b - Passwall                       Transmutation/Earth          2
   c - Passage of Golubria            Translocation                4
   d - Lee's Rapid Deconstruction     Earth                        5
   e - Darkness                       Hexes                        6
   f - Invisibility                   Hexes                        6
Comestibles
 a - 7 bread rations
 j - 7 fruits
 s - 6 beef jerkies
 x - 2 meat rations
 B - a royal jelly
 G - 8 slices of pizza


   Skills:
 + Level 8.3 Fighting
 + Level 9.3 Dodging
 + Level 12.5 Stealth
 + Level 9.9 Unarmed Combat
 - Level 3.0 Spellcasting


You had 16 spell levels left.
You didn't know any spells.

Dungeon Overview and Level Annotations

Branches:
Dungeon (10/15)            Temple (1/1) D:6            Lair (1/8) D:8
    Orc: D:9-12

Altars:
Ashenzari
Cheibriados
Dithmenos
Elyvilon
Fedhas
Gozag
Kikubaaqudgha
Makhleb
Nemelex Xobeh
Okawaru
Pakellas
Qazlal
Ru
Sif Muna
Trog
Vehumet
Xom
Yredelemnul
Zin
The Shining One

Shops:
D:8 %

Annotations:
D:10 Josephine, Snorg
Lair:1 Nergalle


Innate Abilities, Weirdness & Mutations

You cannot wear most types of armour.
You are amphibious.
You can wear up to eight rings at the same time.
You can use your tentacles to constrict eight enemies at once.
Your skin changes colour to match your surroundings (Stealth).
Your rubbery body absorbs attacks (AC +1).


Message History

You tentacle-slap the yak. You squeeze the yak!
The yak is heavily wounded.
The yak gores you!!
You bludgeon the yak!
The yak is severely wounded.
The yak completely misses you.
You barely miss the yak. You squeeze the yak.
The yak is severely wounded.
The yak completely misses you. The yak gores you!
* * * LOW HITPOINT WARNING * * *
You tentacle-slap the yak but do no damage.
Your squeeze misses the yak.
The yak is severely wounded.
The yak completely misses you.
You tentacle-slap the yak. You squeeze the yak, but do no damage.
The yak is severely wounded.
The yak misses you. The yak gores you!
* * * LOW HITPOINT WARNING * * *
You fail to use your ability.
The yak completely misses you. The yak gores you!
You die...

................#
................##
..................
.!...........# .(
............## ....##
##.........P# #....#
#..#.......## #...#
#YPY.....†# ##...##
#.@.......###P....#
#..........>.......
#..................
###..................
♣♣...♣♣
......................
.......
P....#.....(..###....#
.#....P ...#.P....÷÷.##
#....# ........
##............# ##.....
.........##..#..........#
#.....#


You could see 2 yaks.

Vanquished Creatures
  Pikel (D:7)
  A two-headed ogre (D:9)
  A wyvern (D:9)
  12 yaks
  Sigmund (D:3)
  A wraith (D:10)
  Grum (D:9)
  A human (D:8)
  A hippogriff (D:9)
  3 wargs (D:8)
  A water moccasin (D:10)
  4 ice beasts
  A sky beast (D:9)
  3 necrophages
  4 black bears
  5 ogres
  2 wolves (D:9)
  A crocodile (D:8)
  5 centaurs
  6 giant frogs
  A gnoll sergeant (D:8)
  A wyvern skeleton (D:10)
  A scorpion (D:8)
  14 killer bees
  6 wights
  A howler monkey (D:8)
  An electric eel (Lair:1)
  8 crimson imps
  A quasit (D:9)
  3 hounds
  8 orc wizards
  2 orc priests
  A jelly (D:9)
  5 centaur skeletons
  A giant frog skeleton (D:9)
  Natasha (thrice) (D:2)
  Terence (D:2)
  An iguana (Lair:1)
  9 worker ants
  8 sheep
  The ghost of go0n the Covered, a weakling DDFi (D:4)
  A hound skeleton (D:5)
  2 worker ant zombies
  Robin (D:4)
  12 gnolls
  11 adders
  4 river rats (D:7)
  A shadow imp (D:9)
  2 oozes
  A worm (D:3)
  A dart slug (D:2)
  2 giant geckos
  26 orcs
  5 bats
  6 giant cockroaches
  13 goblins
  15 hobgoblins
  14 jackals
  2 quokkas
  3 ball pythons
  A giant gecko skeleton (D:7)
  3 giant newts
  2 jackal skeletons
  6 kobolds
  A quokka zombie (D:5)
  30 rats
297 creatures vanquished.

Vanquished Creatures (others)
  2 slaves (D:7)
  2 orc wizards (D:7)
  4 orcs (D:7)
8 creatures vanquished.

Grand Total: 305 creatures vanquished

Notes
Turn   | Place    | Note
--------------------------------------------------------------
     0 | D:1      | Krapule the Octopode Monk began the quest for the Orb.
     0 | D:1      | Reached XP level 1. HP: 16/16 MP: 1/1
   338 | D:1      | Reached skill level 3 in Stealth
   379 | D:1      | Reached XP level 2. HP: 20/21 MP: 2/2
   977 | D:1      | Reached XP level 3. HP: 26/26 MP: 3/3
  1230 | D:2      | Noticed Natasha
  1245 | D:2      | Killed Natasha
  1245 | D:2      | Reached skill level 4 in Stealth
  1245 | D:2      | Reached XP level 4. HP: 31/31 MP: 4/4
  1501 | D:2      | Noticed Natasha
  1508 | D:2      | Killed Natasha
  1508 | D:2      | Reached XP level 5. HP: 23/36 MP: 5/5
  1523 | D:2      | Noticed Natasha
  1528 | D:2      | Killed Natasha
  1872 | D:2      | Noticed Terence
  1918 | D:2      | Killed Terence
  2097 | D:3      | Found a shadowy altar of Dithmenos.
  2189 | D:3      | Reached skill level 5 in Stealth
  2489 | D:3      | Noticed Sigmund
  2633 | D:4      | Found a basalt altar of Yredelemnul.
  2650 | D:4      | Noticed Robin
  2663 | D:4      | Killed Robin
  2663 | D:4      | Reached XP level 6. HP: 32/43 MP: 6/6
  2670 | D:4      | Reached skill level 5 in Unarmed Combat
  2970 | D:4      | Noticed go0n's ghost (weakling DDFi)
  3206 | D:3      | Killed Sigmund
  3206 | D:3      | Reached skill level 6 in Stealth
  3206 | D:3      | Reached XP level 7. HP: 28/49 MP: 7/7
  3771 | D:4      | Found a burning altar of Makhleb.
  3771 | D:4      | Found a radiant altar of Vehumet.
  3771 | D:4      | Found a shimmering altar of Xom.
  3786 | D:4      | Found a blossoming altar of Fedhas.
  3959 | D:4      | Found an iron altar of Okawaru.
  3987 | D:4      | Killed go0n's ghost
  4335 | D:5      | Entered Level 5 of the Dungeon
  4416 | D:5      | Reached skill level 5 in Dodging
  4625 | D:5      | Found an opulent altar of Gozag.
  4975 | D:5      | Reached skill level 5 in Fighting
  4975 | D:5      | Reached skill level 7 in Stealth
  5030 | D:5      | Reached XP level 8. HP: 34/54 MP: 8/8
  5842 | D:6      | Found a staircase to the Ecumenical Temple.
  5863 | Temple   | Entered the Ecumenical Temple
  5981 | Temple   | Became a worshipper of Cheibriados the Contemplative
  5981 | Temple   | Reached * piety under Cheibriados
  5981 | Temple   | Reached ** piety under Cheibriados
  6564 | D:6      | Reached skill level 8 in Stealth
  6997 | D:6      | Found a glowing silver altar of Zin.
  7107 | D:6      | Reached XP level 9. HP: 61/61 MP: 9/9
  7141 | D:6      | Reached *** piety under Cheibriados
  7378 | D:7      | Reached skill level 9 in Stealth
  7396 | D:7      | Noticed Pikel
  7406 | D:7      | Killed Pikel
  7640 | D:7      | Found an oddly glowing altar of Pakellas.
  7987 | D:7      | Found a stormy altar of Qazlal.
  8368 | D:7      | Found a white marble altar of Elyvilon.
  8422 | D:7      | Reached **** piety under Cheibriados
  8601 | D:8      | Reached skill level 10 in Stealth
  8601 | D:8      | Reached skill level 1 in Spellcasting
  8806 | D:8      | Reached XP level 10. HP: 71/71 MP: 12/12
  9624 | D:8      | Found a staircase to the Lair.
  9699 | D:8      | Reached ***** piety under Cheibriados
  9917 | D:8      | Found Inuiha Piats's Food Shop.
 10102 | D:9      | Reached skill level 11 in Stealth
 10104 | D:9      | Noticed Grum
 10751 | D:9      | Found a bloodstained altar of Trog.
 10844 | D:9      | Reached XP level 11. HP: 76/76 MP: 15/15
 10881 | D:9      | Killed Grum
 10881 | D:9      | Reached skill level 12 in Stealth
 11219 | D:10     | Entered Level 10 of the Dungeon
 11289 | D:10     | Found a blossoming altar of Fedhas.
 11491 | D:10     | Noticed Snorg
 11824 | D:10     | Noticed Josephine
 12081 | D:10     | Noticed a hill giant
 12186 | Lair:1   | Entered Level 1 of the Lair of Beasts
 12312 | Lair:1   | Noticed Nergalle
 12618 | Lair:1   | Slain by a yak

Skill      XL: |  1  2  3  4  5  6  7  8  9 10 11 |
---------------+----------------------------------+-----
Stealth        | 3 4 5 6 7 8 10 11 12 | 12.5
Dodging        | 4 5 6 7 8 9 |  9.3
Unarmed Combat | 5 7 8 9 |  9.9
Fighting       | 4 5 6 7 8 |  8.3
Spellcasting   | 1 3 |  3.0

Action                   |  1- 3 |  4- 6 |  7- 9 | 10-12 || total
-------------------------+-------+-------+-------+-------++-------
Melee: Unarmed           |    60 |   122 |   238 |   265 ||   685
       Constrict         |    19 |    36 |    62 |    57 ||   174
       Tentacles         |    10 |    34 |    84 |   111 ||   239
       Punch             |     2 |     5 |    20 |    52 ||    79
Invok: Slouch            |       |       |     1 |     2 ||     3
Evoke: Wand              |       |       |     2 |       ||     2
  Use: Scroll            |     1 |       |     2 |     8 ||    11
       Potion            |       |       |     4 |       ||     4
 Stab: Sleeping          |     8 |    10 |    16 |    18 ||    52
       Distracted        |       |     1 |     3 |     6 ||    10
  Eat: Chunk             |     1 |     6 |    12 |     7 ||    26
       Pizza             |       |       |     1 |       ||     1
Armor: Skin              |     3 |     5 |     2 |     4 ||    14
Dodge: Dodged            |    25 |    67 |   188 |   258 ||   538
